 Dungeon Crawl Stone Soup version 0.29-a0-418-gc0181ea820 (console) character file.

Game seed: 2325172867096904526

27597 zeranya the Stormcaller (level 13, -3/79 HPs)
             Began as an Octopode Wanderer on May 18, 2022.
             Was an Initiate of Gozag.
             Slain by a death yak (27 damage)
             ... on level 3 of the Lair of Beasts.
             The game lasted 00:47:40 (19826 turns).

zeranya the Stormcaller (Octopode Wanderer)        Turns: 19826, Time: 00:47:41

Health: -3/79      AC:  3    Str: 12    XL:     13   Next: 33%
Magic:  11/27      EV: 19    Int: 23    God:    Gozag
Gold:   1496       SH:  5    Dex: 22    Spells: 5/32 levels left

rFire   . . .      SeeInvis +   H - +5 broad axe {vorpal, Fragile rPois Str+2 Int+6}
rCold   . . .      Faith    .   (no shield)
rNeg    + + .      Spirit   .   N - +2 hat {Int+3}
rPois   +          Reflect  +   m - amulet of reflection
rElec   .          Harm     .   y - ring of see invisible
rCorr   .          Rampage  .   z - ring of flight
Will    +....                   I - ring of Beogh's Whim {rN+ Will+ Dex+4}
Stlth   +++.......              K - +4 ring of evasion
HPRegen 0.23/turn               P - ring of positive energy
MPRegen 0.20/turn               Q - ring of wizardry
                                (no ring)
                                (no ring)

@: about to teleport, flying
A: almost no armour, amphibious, 8 rings, camouflage 1, gelatinous body 1,
(nimble swimmer 1), tentacles
a: Renounce Religion, Potion Petition, Call Merchant, Bribe Branch


You were on level 3 of the Lair of Beasts.
You worshipped Gozag.
Gozag was most pleased with you.
You visited 3 branches of the dungeon, and saw 13 of its levels.
You also visited: Bailey, Gauntlet and Volcano.

You collected 2590 gold pieces.
You spent 360 gold pieces at shops.
You paid 734 gold pieces to Gozag.

Inventory:

Hand Weapons
 H - the +5 broad axe of the Last Nights (weapon) {vorpal, Fragile rPois Str+2 Int+6}
   (You bought it in a shop on level 7 of the Dungeon)

   It inflicts extra damage upon your enemies.
   Str:       It affects your strength (+2).
   Int:       It affects your intelligence (+6).
   rPois:     It protects you from poison.
   Fragile:   It will be destroyed if unequipped.
 T - the +7 Singing Sword {vorpal, sonic wave}
   (You took it off a minotaur in a Gauntlet)

   It inflicts extra damage upon your enemies.
   It radiates damaging sonic waves as it strikes, especially in combat
   involving dangerous or numerous foes.
Missiles
 a - 18 curare-tipped darts (quivered)
 c - 26 poisoned darts
 D - a throwing net
Armour
 C - an orb of energy
 N - a +2 hat of intelligence (worn)
 O - a +2 tower shield
Jewellery
 m - an amulet of reflection (around mantle)
 v - the amulet "Ruhyoss" {Acrobat Int+4}
   (You found it in a Gauntlet)

   [amulet of the acrobat]

   It increases your evasion while moving and waiting.
   Int:       It affects your intelligence (+4).
 y - a ring of see invisible (left tentacle)
 z - a ring of flight (right tentacle)
 I - the ring of Beogh's Whim (on tentacle) {rN+ Will+ Dex+4}
   (You found it on level 7 of the Dungeon)

   [ring of willpower]

   Dex:       It affects your dexterity (+4).
   rN:        It protects you from negative energy.
   Will:      It increases your willpower.
 K - a +4 ring of evasion (on tentacle)
 L - a ring of ice
 P - a ring of positive energy (on tentacle)
 Q - a ring of wizardry (on tentacle)
 R - the amulet of Makhleb's Displeasure {Acrobat rN+ Will- Int+7}
   (You found it in a Gauntlet)

   [amulet of the acrobat]

   It increases your evasion while moving and waiting.
   Int:       It affects your intelligence (+7).
   rN:        It protects you from negative energy.
   Will:      It decreases your willpower.
Wands
 p - a wand of paralysis (17)
 B - a wand of charming (4)
 E - a wand of acid (5)
 F - a wand of mindburst (19)
 M - a wand of flame (5)
 S - a wand of polymorph (4)
Scrolls
 d - 2 scrolls of fog
 e - 5 scrolls of teleportation
 i - 7 scrolls of identify
 k - 2 scrolls of blinking
 l - 3 scrolls of enchant armour
 u - a scroll of enchant weapon {unknown}
 x - 2 scrolls of poison
 U - a scroll of vulnerability
Potions
 f - 3 potions of resistance
 g - 2 potions of berserk rage
 h - a potion of invisibility {unknown}
 j - 6 potions of mutation
 n - 2 potions of attraction
 o - 5 potions of heal wounds
 q - 3 potions of curing
 r - 4 potions of might
 s - 2 potions of brilliance
 t - 2 potions of flight {unknown}
 w - 2 potions of degeneration
 A - 2 potions of cancellation
 G - 2 potions of haste
 J - 2 potions of ambrosia {unknown}
Miscellaneous
 b - a box of beasts (inert)


   Skills:
 - Level 4.0 Fighting
 - Level 5.0 Short Blades
 - Level 5.8(6.0) Axes
 - Level 2.0(4.1) Polearms
 - Level 2.0 Throwing
 - Level 4.0 Dodging
 + Level 10.4 Spellcasting
 - Level 4.0 Conjurations
 - Level 6.0 Ice Magic
 * Level 15.3 Air Magic
 + Level 2.8 Evocations


You had 5 spell levels left.
You knew the following spells:

 Your Spells              Type           Power      Damage    Failure   Level
a - Shock                 Conj/Air       100%       1d9       1%          1
b - Airstrike             Air            35%        N/A       1%          4
c - Static Discharge      Conj/Air       54%        N/A       1%          2
d - Lightning Bolt        Conj/Air       27%        1d43      1%          5
e - Irradiate             Conj/Tmut      10%        3d16      26%         5
f - Ozocubu's Armour      Ice            39%        N/A       1%          3
g - Summon Lightning Spi  Summ/Air       47%        N/A       1%          4
X - Swiftness             Air            70%        N/A       1%          3

Your spell library contained the following spells:

 Spells                   Type           Power      Damage    Failure   Level
 Ensorcelled Hibernation  Hex/Ice        50%        N/A       1%          2
 Scorch                   Fire           24%        2d6       3%          2
 Sublimation of Blood     Necr           12%        N/A       3%          2
 Spider Form              Tmut/Pois      12%        N/A       6%          3
 Flame Wave               Conj/Fire      21%        2d7       10%         4
 Metabolic Englaciation   Hex/Ice        12%        N/A       17%         5
 Anguish                  Hex/Necr       6%         N/A       21%         4
 Petrify                  Tmut/Erth      12%        N/A       21%         4
 Maxwell's Capacitive Co  Air            35%        ∞         26%         8
 Storm Form               Tmut/Air       23%        N/A       58%         7
 Simulacrum               Ice/Necr       12%        N/A       65%         6
 Summon Cactus Giant      Summ           6%         N/A       96%         6


Dungeon Overview and Level Annotations

Branches:
Dungeon (9/15)             Temple (1/1) D:5            Lair (3/6) D:9
 Bailey (visited)         Volcano (visited)         Gauntlet (visited)
  Swamp: Lair:2-4    Shoals: Lair:2-4     Snake: Lair:2-4    Spider: Lair:2-4
    Orc: D:9-12

Altars:
Ashenzari
Cheibriados
Dithmenos
Elyvilon
Fedhas
Gozag
Hepliaklqana
Kikubaaqudgha
Makhleb
Nemelex Xobeh
Okawaru
Qazlal
Ru
Sif Muna
Trog
Uskayaw
Vehumet
Wu Jian
Xom
Yredelemnul
Zin
The Shining One

Shops:
D:4 (   D:6 *   D:7 *!(*

Annotations:
D:3 1 runed translucent door, NateTC's ghost, amateur PaFi
D:8 Maggie
D:9 Erolcha


Innate Abilities, Weirdness & Mutations

You cannot wear most types of armour.
You are amphibious.
You can wear up to eight rings at the same time.
Your skin changes colour to match your surroundings (Stealth+).
Your rubbery body absorbs attacks. (AC +1, EV +1)
((You are camouflaged when in or above water. (Stealth+)))
You have tentacles for arms and can constrict up to eight enemies at once.


Message History

You hit the death yak. You squeeze the death yak.
The death yak is lightly wounded.
You block the death yak's attack.
Your larval oxshock beast bursts into living lightning!
The living lightning hits the death yak!
The living lightning hits the polar bear!
Your larval oxshock beast blinks!
The death yak misses you.
You hit the death yak but do no damage.
The death yak is moderately wounded.
Your larval oxshock beast bursts into living lightning!
The living lightning hits the polar bear!
The living lightning hits the death yak!
Your larval oxshock beast blinks!
The death yak gores your larval oxshock beast!
You barely miss the death yak. Your squeeze misses the death yak.
The death yak is moderately wounded.
Your larval oxshock beast bursts into living lightning!
The living lightning hits the death yak.
Your larval oxshock beast blinks!
You block the death yak's attack.
You hit the death yak but do no damage.
The death yak is heavily wounded.
Your larval oxshock beast barely misses the death yak.
Your larval oxshock beast tramples the death yak but does no damage.
The death yak gores you!!
Your larval oxshock beast bursts into living lightning!
The living lightning hits the death yak!
Your larval oxshock beast blinks!
The death yak gores your larval oxshock beast!
Your larval oxshock beast dies!
Your larval oxshock beast's corpse disappears in a puff of smoke!
The death yak bellows!
As you read the scroll of teleportation, it crumbles to dust.
You feel strangely unstable. The death yak gores you!
* * * LOW HITPOINT WARNING * * *
You see here 14 gold pieces.
The death yak gores you!!
You die...
Your body crumbles into a pile of gold.

*** *,** ### #######
*********,* ###.###.##.P####
*,**,*,,,,* #...#...........
**,,,,,,,,####h..Y..........
**,,,,,,,,*#@#.#..#..........
**,,,,**,*,*##Y.###..#.#.PP...
***,,,,,****** ####
########.... *,,,,,,** #.#..
*,,,,,** #.... **,,,*** #+..#
*,,,** ###### ##.⌠.# ,,,**
######.#..#######..... ,,**
*#P............##......


You could see a death yak.

Vanquished Creatures
  Gastronok (Lair:1)
  A minotaur (Gauntlet)
  A boulder beetle (Lair:2)
  3 hydras (Lair:2)
  A two-headed ogre (D:7)
  2 death yaks (Lair:3)
  2 skeletal warriors (Volcano)
  Maurice (D:9)
  3 black mambas
  An eye of devastation (Gauntlet)
  2 gargoyles (Volcano)
  Joseph (D:7)
  9 cane toads
  2 rime drakes (Lair:2)
  A troll (D:9)
  4 komodo dragons
  3 meliai (Gauntlet)
  A hornet (D:8)
  A slime creature (D:7)
  Prince Ribbit (D:7)
  6 blink frogs
  A dream sheep (Lair:2)
  3 flying skulls (Volcano)
  12 yaks
  A vampire (D:9)
  2 wyverns
  3 basilisks
  Eustachio (D:5)
  A golden eye (Gauntlet)
  A steam dragon (D:9)
  3 wargs (D:9)
  9 water moccasins
  An acid dragon (D:7)
  Pargi (D:3)
  Duvessa (D:5)
  3 orc warriors
  3 ice beasts
  2 black bears
  9 wolves (Lair:2)
  8 kobold brigands
  A necrophage (D:5)
  3 scorpions
  14 bullfrogs
  6 killer bees (D:9)
  Dowan (D:5)
  A spriggan skeleton (Volcano)
  A howler monkey (D:6)
  6 orc priests
  3 gnoll shamans
  2 jellies
  A hound (D:7)
  6 iguanas
  7 orc wizards
  4 hell rats (Lair:3)
  2 naga skeletons (Volcano)
  12 gnolls
  5 adders
  A shadow imp (D:7)
  3 white imps (Gauntlet)
  A worm (D:2)
  4 dart slugs
  19 orcs
  7 bats
  7 endoplasms
  2 giant cockroaches
  10 goblins
  5 hobgoblins
  A jackal (D:4)
  4 quokkas
  5 ball pythons
  A frilled lizard (D:2)
  19 kobolds
  4 rats (D:1)
  A spectral orc (D:6)
281 creatures vanquished.

Vanquished Creatures (collateral kills)
  A death yak (Lair:3)
  A komodo dragon (Lair:3)
  A rime drake (Lair:3)
  An ice devil (Gauntlet)
  An alligator skeleton (Volcano)
  A basilisk (Lair:3)
  A yak (Lair:1)
  A floating eye (Gauntlet)
8 creatures vanquished.

Vanquished Creatures (others)
  A gargoyle (Volcano)
  A harpy skeleton (Volcano)
  A yak (Lair:1)
  A steam dragon (D:7)
  A gnoll (D:6)
  4 demonic plants (Gauntlet)
  13 fungi
  23 plants
45 creatures vanquished.

Grand Total: 334 creatures vanquished

Notes
Turn   | Place    | Note
-------+----------+-------------------------------------------
     0 | D:1      | zeranya the Octopode Wanderer began the quest for the Orb.
     0 | D:1      | zeranya set off with the following items: a +0 rapier, a +0
                  | spear, 9 poisoned darts, a +0 dagger, a scroll of
                  | teleportation
     0 | D:1      | Reached XP level 1. HP: 13/13 MP: 1/1
   231 | D:1      | Reached skill level 1 in Dodging
   231 | D:1      | Reached XP level 2. HP: 18/18 MP: 2/2
   989 | D:1      | Reached XP level 3. HP: 23/24 MP: 3/3
  1277 | D:1      | Found a faded altar of an unknown god.
  1975 | D:2      | Reached XP level 4. HP: 29/30 MP: 4/4
  2403 | D:3      | You fall into a shaft and drop 2 floors!
  2403 | D:5      | Entered Level 5 of the Dungeon
  2434 | D:5      | Reached skill level 1 in Evocations
  2434 | D:5      | Reached XP level 5. HP: 25/36 MP: 5/5
  2745 | D:5      | Found a shimmering altar of Xom.
  2856 | D:4      | Identified the +8 mace "Caraezur" {speed, Int+4}
  2988 | D:3      | Noticed Pargi
  3060 | D:3      | Found a sacrificial altar of Ru.
  3061 | D:3      | Found a shadowy altar of Dithmenos.
  3232 | D:3      | Found a runed translucent door.
  3420 | D:3      | Noticed NateTC's ghost (amateur PaFi)
  3670 | D:4      | Found Seuwn's Weapon Boutique.
  3724 | D:4      | Reached skill level 1 in Spellcasting
  3724 | D:4      | Reached XP level 6. HP: 36/43 MP: 5/7
  4189 | D:4      | Found a burning altar of Makhleb.
  4457 | D:5      | Noticed Eustachio
  4461 | D:5      | Learned a level 1 spell: Shock
  4562 | D:5      | Found a staircase to the Ecumenical Temple.
  4573 | D:5      | Reached skill level 1 in Air Magic
  4573 | D:5      | Reached XP level 7. HP: 48/48 MP: 10/10
  4636 | Temple   | Entered the Ecumenical Temple
  4699 | Temple   | Became a worshipper of Gozag Ym Sagoz the Greedy
  4854 | D:5      | Noticed Duvessa
  4872 | D:5      | Killed Duvessa
  4873 | D:5      | Reached skill level 2 in Air Magic
  4897 | D:5      | Noticed Dowan
  4962 | D:5      | Killed Dowan
  5183 | D:5      | Killed Eustachio
  5184 | D:5      | Reached skill level 3 in Air Magic
  5197 | D:5      | Learned a level 4 spell: Airstrike
  5274 | D:5      | Reached XP level 8. HP: 50/54 MP: 12/14
  5297 | D:5      | Learned a level 3 spell: Swiftness
  5454 | D:6      | Reached skill level 4 in Air Magic
  5589 | D:6      | Found Pupyng's Overcharged Wands.
  5872 | D:6      | Found a snail-covered altar of Cheibriados.
  6868 | D:6      | Found a basalt altar of Yredelemnul.
  7102 | D:7      | Reached skill level 5 in Air Magic
  7108 | D:7      | Reached skill level 5 in Spellcasting
  7210 | D:7      | Found Wetheps's Distillery.
  7212 | D:7      | Found Ekue's General Store.
  7238 | D:7      | Found Ypoorigh's Assorted Antiques.
  7242 | D:7      | Found Gazefov's Weapon Boutique.
  7256 | D:7      | Bought a potion of degeneration for 15 gold pieces
  7256 | D:7      | Bought a potion of cancellation for 120 gold pieces
  7260 | D:7      | Bought a transparent broad axe for 225 gold pieces
  7260 | D:7      | Identified the +5 broad axe of the Last Nights {vorpal,
                  | Fragile rPois Str+2 Int+6} (You bought it in a shop on
                  | level 7 of the Dungeon)
  7294 | D:7      | Found a flagged portal.
  7347 | Bailey   | Entered a bailey
  7411 | Bailey   | Reached skill level 1 in Axes
  7697 | Bailey   | Reached skill level 6 in Air Magic
  8003 | Bailey   | Reached XP level 9. HP: 39/58 MP: 16/16
  8286 | Bailey   | Found a bloodstained altar of Trog.
  8323 | D:7      | Found a sparkling altar of Nemelex Xobeh.
  8461 | D:7      | Reached skill level 7 in Air Magic
  8525 | D:7      | Identified the ring of Beogh's Whim {rN+ Will+ Dex+4}
  8533 | D:7      | Noticed a two-headed ogre
  8545 | D:7      | Killed a two-headed ogre
  8546 | D:7      | Reached skill level 5 in Axes
  8546 | D:7      | Reached skill level 8 in Air Magic
  8950 | D:7      | Noticed Joseph
  9097 | D:3      | Learned a level 2 spell: Static Discharge
  9108 | D:3      | Killed Pargi
  9282 | D:7      | Killed Joseph
  9283 | D:7      | Reached XP level 10. HP: 45/63 MP: 18/18
  9645 | D:7      | Reached skill level 9 in Air Magic
  9692 | D:7      | Noticed Prince Ribbit
  9696 | D:7      | Killed Prince Ribbit
  9847 | D:7      | Learned a level 5 spell: Irradiate
 10535 | D:8      | Noticed Maggie
 10710 | D:8      | Learned a level 5 spell: Lightning Bolt
 10712 | D:8      | Found a hazy altar of Hepliaklqana.
 11147 | D:9      | Reached skill level 1 in Conjurations
 11147 | D:9      | Reached skill level 10 in Air Magic
 11699 | D:9      | Found a staircase to the Lair.
 12068 | D:9      | Noticed Erolcha
 12078 | D:9      | Noticed Maurice
 12112 | D:9      | Killed Maurice
 12274 | Lair:1   | Entered Level 1 of the Lair of Beasts
 12298 | Lair:1   | Reached XP level 11. HP: 63/69 MP: 18/22
 12307 | Lair:1   | Reached skill level 11 in Air Magic
 12670 | Lair:1   | Found a dark tunnel.
 12877 | Volcano  | Entered a volcano
 13450 | Volcano  | Reached skill level 12 in Air Magic
 13583 | Volcano  | Noticed a skeletal warrior
 13595 | Volcano  | Killed a skeletal warrior
 13708 | Volcano  | Noticed a skeletal warrior
 14097 | Volcano  | Killed a skeletal warrior
 14506 | Lair:1   | Noticed Gastronok
 15753 | Lair:1   | Killed Gastronok
 15754 | Lair:1   | Reached skill level 13 in Air Magic
 15754 | Lair:1   | Reached XP level 12. HP: 65/74 MP: 23/25
 15934 | Lair:2   | Noticed a four-headed hydra
 15956 | Lair:2   | Killed a four-headed hydra
 16448 | Lair:2   | Learned a level 3 spell: Ozocubu's Armour
 16465 | Lair:2   | Reached skill level 1 in Ice Magic
 16615 | Lair:2   | Noticed a seven-headed hydra
 16860 | Lair:2   | Reached skill level 14 in Air Magic
 17030 | Lair:2   | Killed a seven-headed hydra
 17592 | Lair:2   | Learned a level 4 spell: Summon Lightning Spire
 17642 | Lair:2   | Noticed a boulder beetle
 17643 | Lair:2   | Noticed a seven-headed hydra
 17833 | Lair:2   | Killed a seven-headed hydra
 18022 | Lair:2   | Killed a boulder beetle
 18256 | Lair:3   | Reached skill level 10 in Spellcasting
 18257 | Lair:3   | Reached skill level 5 in Ice Magic
 18275 | Lair:3   | Found a gate leading to a gauntlet.
 18295 | Gauntlet | Entered a Gauntlet
 18295 | Gauntlet | Found a transporter.
 18295 | Gauntlet | Found a transporter.
 18297 | Gauntlet | Noticed a death scarab
 18307 | Gauntlet | Found a transporter.
 18311 | Gauntlet | Found a transporter.
 18320 | Gauntlet | Found a transporter.
 18323 | Gauntlet | Found a transporter.
 18327 | Gauntlet | Noticed a death scarab
 18329 | Gauntlet | Noticed a death scarab
 18332 | Gauntlet | Found a transporter.
 18351 | Gauntlet | Found a transporter.
 18372 | Gauntlet | Found a transporter.
 18372 | Gauntlet | Found a transporter.
 18383 | Gauntlet | Found a transporter.
 18411 | Gauntlet | Found a transporter.
 18612 | Gauntlet | Identified the amulet "Ruhyoss" {Acrobat Int+4}
 18751 | Gauntlet | Paralysed by a floating eye for 4 turns
 18757 | Gauntlet | Reached XP level 13. HP: 79/79 MP: 23/27
 18844 | Gauntlet | Identified the amulet of Makhleb's Displeasure {Acrobat rN+
                  | Will- Int+7}
 19025 | Gauntlet | Noticed a minotaur
 19038 | Gauntlet | Killed a minotaur
 19167 | Lair:3   | Reached skill level 15 in Air Magic
 19826 | Lair:3   | Slain by a death yak

Illustrated notes

Levels and vault maps discovered:
D:1:      dpeg_arrival_radiant, layout_basic,
          shapermc_ecumenical_altar_mp_vishouse, serial_rivers,
          chequers_serial_rivers_micro_c, chequers_serial_rivers_marsh,
          chequers_serial_rivers_large_b, chequers_serial_rivers_room_a,
          chequers_serial_rivers_micro_c, chequers_serial_rivers_micro_b
D:2:      layout_basic
D:3:      layout_rooms, mainiacjoe_overflow_divided_tiny,
          ebering_ghost_reflecting_pool, item_on_display_a, uniq_pargi
D:4:      layout_rooms, kennysheep_mini_moat, serial_shops, shop
D:5:      layout_basic, mainiacjoe_overflow_tiny_flanked,
          minmay_temple_entry_trees, uniq_duvessa, uniq_eustachio
D:6:      layout_layer_cave, overflow_temple_1_default,
          yredelemnul_forgotten_temple_becter, nicolae_shop_overcharged_wands
D:7:      minmay_opposing_rooms, layout_loops_cross,
          nemelex_xobeh_ov_fountains_minmay, enter_bailey_3,
          minmay_shop_grid_forest, uniq_joseph, uniq_prince_ribbit1
D:8:      layout_loops_ring, mainiacjoe_overflow_brackets,
          hangedman_abyss_or_decor_stagger, kennysheep_crisscross, uniq_maggie
D:9:      layout_small_grid, erik_lair_orcish_takeover, gammafunk_ghost_ooze,
          uniq_erolcha, uniq_maurice
Temple:   eino_temple_lava
Lair:1:   layout_regular_city, enter_volcano_1, serial_bayou_shore_a,
          grunt_megastairs_3, infiniplex_staircase_pool_2, uniq_gastronok
Lair:2:   layout_roguey, minmay_shattered_shrine, infiniplex_staircase_pool
Lair:3:   layout_concentric_octagons, gauntlet_entry_generic,
          serial_bayou_shore_b, grunt_megastairs_5

Skill      XL: |  1  2  3  4  5  6  7  8  9 10 11 12 13 |
---------------+----------------------------------------+-----
Dodging        | 1 2 3 4 |  4.0
Fighting       | 2 3 4 |  4.0
Evocations     | 1 2 |  2.8
Spellcasting   | 1 2 4 5 7 9 10 | 10.4
Air Magic      | 1 3 6 8 10 13 14 15 | 15.3
Axes           | 3 5 |  5.8
Conjurations   | 3 4 |  4.0
Ice Magic      | 5 6 |  6.0
Short Blades   | |  5.0
Polearms       | |  2.0
Throwing       | |  2.0

Action                   |  1- 3 |  4- 6 |  7- 9 | 10-12 | 13-15 || total
-------------------------+-------+-------+-------+-------+-------++-------
Melee: Rapier            |    72 |    27 |       |       |       ||    99
       Constrict         |    18 |    12 |    27 |    38 |       ||    95
       Tentacles         |     9 |    15 |    25 |    55 |     1 ||   105
       Mace              |       |    46 |    80 |       |       ||   126
       Punch             |       |     2 |     1 |     4 |       ||     7
       Broad axe         |       |       |    50 |   182 |     6 ||   238
Throw: Dart              |     3 |    15 |    22 |    30 |     1 ||    71
 Cast: Shock             |       |       |     9 |    28 |       ||    37
       Airstrike         |       |       |    12 |   102 |    10 ||   124
       Static Discharge  |       |       |       |    42 |    15 ||    57
       Lightning Bolt    |       |       |       |    20 |    10 ||    30
       Summon Lightning  |       |       |       |     4 |     7 ||    11
       Ozocubu's Armour  |       |       |       |       |     1 ||     1
Invok: Potion Petition   |       |       |       |       |     1 ||     1
Evoke: Wand              |       |       |     8 |    26 |     1 ||    35
       Box of beasts     |       |       |       |       |     1 ||     1
  Use: Scroll            |       |       |    17 |     7 |     1 ||    25
       Potion            |       |       |       |     1 |     1 ||     2
 Stab: Sleeping          |     9 |     8 |     2 |     8 |       ||    27
       Distracted        |       |     1 |     1 |     2 |       ||     4
       Paralysed         |       |       |     7 |    18 |       ||    25
Armor: Skin              |     8 |     3 |     6 |     7 |     6 ||    30
Dodge: Dodged            |    34 |    20 |    62 |   180 |    18 ||   314
Block: Other             |     4 |    11 |    28 |    54 |    11 ||   108
       Reflection        |       |       |     2 |       |       ||     2

Table legend: (Time is in decaauts)
 A = Elapsed time spent in this place.
 B = Non-inter-level travel time spent in this place.
 C = Inter-level travel time spent in this place.
 D = Time resting spent in this place.
 E = Time spent auto-exploring this place.
 F = Levels seen in this place.
 G = Mean time per level.
                   A        B        C        D        E       F      G
               +--------+--------+--------+--------+--------+-----+--------+
         Total |  19880 |  19196 |    684 |   8424 |   6732 |  16 | 1242.5 |
       Dungeon |  11254 |  10672 |    582 |   4124 |   4862 |   9 | 1250.4 |
        Temple |     71 |     56 |     15 |      0 |     47 |   1 |   71.0 |
          Lair |   5377 |   5291 |     86 |   2820 |   1449 |   3 | 1792.3 |
        Bailey |    977 |    977 |      0 |    652 |     97 |   1 |  977.0 |
       Volcano |   1378 |   1378 |      0 |    486 |    119 |   1 | 1378.0 |
      Gauntlet |    820 |    820 |      0 |    341 |    158 |   1 |  820.0 |
               +--------+--------+--------+--------+--------+-----+--------+

Top non-repeatable levels by time:
  Lair:1: 2329 daAuts
  Lair:2: 2275 daAuts
     D:6: 1955 daAuts
     D:7: 1506 daAuts
 Volcano: 1378 daAuts
     D:1: 1349 daAuts
     D:5: 1328 daAuts
     D:9: 1176 daAuts
     D:8: 1071 daAuts
     D:2: 1067 daAuts
  Bailey: 977 daAuts
     D:3: 927 daAuts
     D:4: 870 daAuts
Gauntlet: 820 daAuts
  Lair:3: 772 daAuts
